 Dungeon Sprint DCSS version 0.24.1-5-g77f818bfca (webtiles) character file.

Game seed: 407089302233898904, levelgen mode: deterministic

6 Doot the Covert (level 1, -1/12 HPs)
             Began as a Vampire Assassin on Apr 26, 2020.
             Slain by a crimson imp (2 damage)
             ... in the Dungeon (Sprint IX: "|||||||||||||||||||||||||||||").
             The game lasted 00:00:23 (33 turns).

Doot the Covert (Vampire Assassin)                    Turns: 33, Time: 00:00:23

Health: -1/12      AC:  3    Str: 10    XL:     1   Next: 75%
Magic:  1/1        EV: 12    Int: 13    God:
Gold:   0          SH:  0    Dex: 15    Spells: 0/0 levels left

rFire    . . .     SeeInvis +   a - +2 dagger
rCold    + + .     Gourm    .   (no shield)
rNeg     + + +     Faith    .   b - +0 robe
rPois    ∞         Spirit   .   (no helmet)
rElec    .         Reflect  .   c - +0 cloak
rCorr    .         Harm     .   (no gloves)
MR       .....     NoTele   +   (no boots)
Stlth    ++++++....             (no amulet)
HPRegen  0.00/turn              (no ring)
MPRegen  0.07/turn              (no ring)

@: bloodless
A: no food, fangs 3, see invisible, unbreathing
a: Revivify


You were in the Dungeon.
You were bloodless.

You visited 1 branch

Inventory:

Hand Weapons
 a - a +2 dagger (weapon)
Missiles
 d - 8 poisoned darts (quivered)
 e - 2 curare-tipped darts
Armour
 b - a +0 robe (worn)
 c - a +0 cloak (worn)
Scrolls
 k - a scroll of blinking
Potions
 f - a potion of curing
 g - a potion of heal wounds
 h - a potion of haste
 i - 2 potions of magic
 j - a potion of berserk rage


   Skills:
 - Level 1.7 Fighting
 - Level 2.1 Short Blades
 - Level 1.5 Throwing
 - Level 1.1 Dodging
 + Level 8.2 Stealth


You couldn't memorise any spells.
You didn't know any spells.
Your spell library was empty.

Dungeon Overview and Level Annotations

Branches:
Dungeon (1/1)

Altars:


Innate Abilities, Weirdness & Mutations

You do not eat.
You do not regenerate when monsters are visible.
You are frail without blood (-20% HP).
You can heal yourself when you bite living creatures.
You are immune to poison.
You have razor-sharp teeth.
You have supernaturally acute eyesight. (SInv)
You can survive without breathing.


Message History

You hit the crimson imp. Your bite misses the crimson imp.
The crimson imp is moderately wounded.
The crimson imp completely misses you.
The leopard gecko hisses menacingly.
The leopard gecko misses you.
You hit the crimson imp.
The crimson imp is heavily wounded.
The crimson imp barely misses you. The leopard gecko bites you.
* * * LOW HITPOINT WARNING * * *
You hit the crimson imp.
The crimson imp is severely wounded.
The crimson imp hits you.
* * * LOW HITPOINT WARNING * * *
The leopard gecko barely misses you.
You completely miss the crimson imp.
The crimson imp is severely wounded.
The howler monkey hoots and howls with incredible vigour!
The leopard gecko bites you but does no damage.
The crimson imp hits you.
You die...

▓+▓
▓.▓
▓O▓
▓h▓
▓S▓
▓l▓
▓@▓
▓5▓
▓†▓
▓.▓
▓†▓
▓.▓
▓'▓
▓.▓
▓.▓


You could see an ogre, a howler monkey, a crimson imp, an adder and a leopard
gecko.

Vanquished Creatures
  A leopard gecko (D)
  A giant cockroach (D)
  A hobgoblin (D)
  A goblin (D)
  A rat (D)
5 creatures vanquished.

Notes
Turn   | Place    | Note
-------+----------+-------------------------------------------
     0 | D        | Doot the Vampire Assassin began the quest for the Orb.
     0 | D        | Reached XP level 1. HP: 16/16 MP: 1/1
    11 | D        | Reached skill level 6 in Stealth
    13 | D        | Reached skill level 7 in Stealth
    17 | D        | Reached skill level 8 in Stealth
    21 | D        | Noticed an ogre
    21 | D        | Noticed a crimson imp
    21 | D        | Noticed a howler monkey
    33 | D        | Slain by a crimson imp

Levels and vault maps discovered:
D:        linesprint [early_d, line_temple, items_1, d_10, items_2, lair_1,
          lair_end, items_3, orc_1, orc_end, items_4, d_15, swamp_1, shoals_1,
          snake_1, spider_1, d_20, vaults_1, items_5, swamp_end, shoals_end,
          snake_end, spider_end, vaults_end, d_27, items_6, zot_1, zot_end,
          crypt_end, forest_end, elf_end, slime_end, tomb_end, abyss_end,
          pan_hell_end]

Skill      XL: |  1 |
---------------+----+-----
Stealth        | 8 |  8.2
Fighting       | |  1.7
Short Blades   | |  2.1
Throwing       | |  1.5
Dodging        | |  1.1

Action                   || total
-------------------------++-------
Melee: Dagger            ||    16
 Abil: Exsanguinate      ||     1
 Stab: Sleeping          ||     5
Armor: Robe              ||     3
Dodge: Dodged            ||    11
